Cogmind - Beta 15 @@@ ROGUE MODE // 2025.08.06 @ 12:19:41 Player: swetpototo Result: Destroyed by G-67 Veteran with Field Laser Performance ------------- Evolutions (6) 3000 Regions Visited (17) 3400 Robots Destroyed (52) 260 Value Destroyed (1980) 1980 Prototype IDs (38) 760 Alien Tech Used (0) 0 Bonus (1100) 1100 TOTAL SCORE: 10500 Bonus ------- Entered DSFs 500 Aligned with FarCom 300 Met Data Miner 300 Cogmind --------- Core Integrity 0/1150 Matter 300/300 Energy 100/100 System Corruption 16% Temperature Cool (9) Movement Core (50) Location -4/Upper Caves Parts ------- > --- POWER (3) -------- (None) > --- PROPULSION (5) --- (None) > --- UTILITY (7) ------ Advanced Signal Interpreter > --- WEAPON (4) ------- (None) > --- INVENTORY (5) ---- Advanced ECM Suite Improved Field Recycling Unit (0) Peak State ------------ > --- POWER ------------ Fission Core Neutrino Core Micro Fission Core > --- PROPULSION ------- Improved Gravmag System Antigrav System Antigrav System Antigrav System Gyrokinetic Inverter > --- UTILITY ---------- Advanced Cooling System Visual Processing Unit Advanced Signal Interpreter Advanced ECM Suite Hacking Suite Advanced Hacking Suite Advanced System Shield > --- WEAPON ----------- Matter Neutralizer > --- INVENTORY -------- Energy Well Advanced ECM Suite Improved Reaction Control System Improved Field Recycling Unit Heavy Rocket Launcher [Rating: 87] Favorites ----------- Power Ion Engine Engine Ion Engine Power Core Micro Fission Core Propulsion Aluminum Leg Treads Armored Medium Treads Leg Aluminum Leg Hover Unit Gyrokinetic Inverter Flight Unit Cooled Nuclear Pulse Thruster Utility Visual Processing Unit Device Heat Sink Storage Small Storage Unit Processor Visual Processing Unit Hackware Advanced Hacking Suite Protection Improved Medium Armor Plating Weapon Advanced Beam Cannon Energy Gun Improved Arc Projector Energy Cannon Advanced Beam Cannon Ballistic Gun Improved Assault Rifle Ballistic Cannon Slug Cannon Launcher Heavy Rocket Launcher Slashing Weapon Longsword +1 Build | -11 -10 -9 -9 -9 -8 -8 -7 -7 -7 -6 -6 -6 -5 -5 -5 -4 -4 ------- Run | Yrd Mat Mat Min Exi Min Mat Fac Low Dat Pro Fac DSF Fac Upp Upp Fac Upp Slots Evolved 12 | . . 2 . . . 2 2 . . . 2 . 2 . . 2 . Power 2 | . . . . . . . 1 . . . . . . . . 1 . Propulsion 3 | . . . . . . 1 1 . . . . . . . . 1 . Utility 5 | . . 2 . . . . . . . . 1 . 2 . . . . Weapon 2 | . . . . . . 1 . . . . 1 . . . . . . Parts Attached 77 | . 6 12 . 2 . 3 4 1 . 2 2 7 23 2 . 5 8 Power 8 | . . 2 . . . . . . . . . . 3 . . 1 2 Engine 3 | . . 2 . . . . . . . . . . 1 . . . . Core 5 | . . . . . . . . . . . . . 2 . . 1 2 Reactor . | . . . . . . . . . . . . . . . . . . Propulsion 20 | . 1 2 . 1 . 1 4 . . . . 2 6 1 . 1 1 Treads 1 | . . . . . . . . . . . . . 1 . . . . Leg 12 | . 1 2 . 1 . 1 4 . . . . 2 . . . . 1 Wheel . | . . . . . . . . . . . . . . . . . . Hover 6 | . . . . . . . . . . . . . 5 1 . . . Flight 1 | . . . . . . . . . . . . . . . . 1 . Utility 27 | . 1 5 . 1 . . . . . 1 1 3 11 . . 2 2 Device 12 | . . 3 . . . . . . . . 1 1 5 . . 2 . Storage 2 | . . . . . . . . . . . . . 1 . . . 1 Processor 7 | . . 2 . 1 . . . . . . . 1 3 . . . . Hackware 3 | . . . . . . . . . . . . . 2 . . . 1 Protection 3 | . 1 . . . . . . . . 1 . 1 . . . . . Artifact . | . . . . . . . . . . . . . . . . . . Weapon 22 | . 4 3 . . . 2 . 1 . 1 1 2 3 1 . 1 3 Energy Gun 3 | . . . . . . . . . . . 1 . 1 . . . 1 Energy Cannon 5 | . . 2 . . . 1 . . . . . . . . . 1 1 Ballistic Gun 4 | . 2 1 . . . . . . . . . . . . . . 1 Ballistic Cannon 6 | . 2 . . . . . . . . . . 2 1 1 . . . Launcher 3 | . . . . . . . . 1 . 1 . . 1 . . . . Special Weapon . | . . . . . . . . . . . . . . . . . . Impact Weapon . | . . . . . . . . . . . . . . . . . . Slashing Weapon 1 | . . . . . . 1 . . . . . . . . . . . Piercing Weapon . | . . . . . . . . . . . . . . . . . . Special Melee Weapon . | . . . . . . . . . . . . . . . . . . Unidentified Prototypes 3 | . 1 1 . . . . . . . . . . . . . 1 . Corrupted Parts 3 | . . . . . . . . . . . . . . . . . 3 System Corruption 6 | . . . . . . . . . . . . . . . . . 6 Parts Lost 47 | . . 3 . . . . . . . 2 . 14 3 . 1 1 23 Power 8 | . . 1 . . . . . . . 1 . 1 . . . . 5 Propulsion 14 | . . . . . . . . . . . . 6 2 . . . 6 Utility 15 | . . 1 . . . . . . . 1 . 4 1 . . 1 7 Weapon 10 | . . 1 . . . . . . . . . 3 . . 1 . 5 Highest Loss Streak 17 | . . 2 . . . . . . . 1 . 11 2 . 1 1 17 To Critical Strikes . | . . . . . . . . . . . . . . . . . . Average Backups 6 | . 7 7 8 7 7 6 7 5 7 6 8 7 5 5 5 4 4 Power . | . 1 1 1 1 1 1 . . . . . . . . . . . Propulsion 1 | . 2 1 2 1 1 1 1 1 2 2 2 1 . 1 1 . . Utility 1 | . 1 2 2 1 1 1 1 2 2 1 1 . 2 3 3 3 2 Weapon 2 | . 2 2 3 3 4 3 4 2 3 3 5 5 2 1 1 1 1 Tool/Special . | . . . . . . . . . . . . . . . . . . Unused Backups 22 | . 8 1 . 2 . 1 3 . . . . . 5 . . . 2 Power . | . . . . . . . . . . . . . . . . . . Propulsion 6 | . 2 1 . . . . 2 . . . . . 1 . . . . Utility 5 | . . . . 1 . . 1 . . . . . 1 . . . 2 Weapon 11 | . 6 . . 1 . 1 . . . . . . 3 . . . . Tool/Special . | . . . . . . . . . . . . . . . . . . Average Slot Usage (%) 82 | . 95 86 100 100 100 79 79 97 100 93 85 77 55 80 88 72 61 Engine 7 | . 14 10 11 11 11 9 14 15 15 8 6 4 2 . . . . Core 3 | . . . . . . . . . . . . . 5 11 11 14 10 Leg 15 | . 28 22 22 22 22 21 26 30 30 29 26 17 . . . . . Hover 4 | . . . . . . . . . . . . . 9 19 23 20 11 Device 9 | . . 11 22 17 11 9 7 7 7 . 4 7 9 17 17 10 8 Storage 6 | . 14 11 11 11 11 9 7 7 7 7 6 5 1 . . . . Processor 13 | . . 6 11 15 22 18 15 15 15 15 13 13 14 11 11 10 9 Hackware 2 | . . . . . . . . . . . . . 2 11 11 10 14 Protection 1 | . 10 2 . . . . . . . 6 6 3 . . . . . Energy Cannon 10 | . . 13 22 22 22 9 . 14 15 15 13 11 . . . 1 4 Ballistic Gun 1 | . 18 8 . . . . . . . . . . . . . . . Launcher 1 | . . . . . . . . 4 7 7 6 1 . . . . . Peak Build Rating 87 | . 12 15 14 17 17 37 33 34 34 36 46 46 77 81 81 83 87 Average Rating 35 | . 9 13 14 15 17 21 25 31 34 35 41 38 45 74 80 75 61 On Entrance 34 | 6 6 12 14 14 17 17 22 33 34 34 36 46 12 71 81 75 83 Naked Turns . | . . . . . . . . . . . . . . . . . . Heaviest Build 46 | 10 15 20 20 20 19 32 17 29 29 35 38 38 46 39 39 44 44 Greatest Support 71 | 20 20 20 20 20 20 35 71 71 71 71 71 71 41 43 43 54 54 Greatest Overweight (x) 3 | . . . . . . 1 . . . . . 2 3 . . 1 3 Average Overweight (x) . | . . . . . . . . . . . . . . . . . . Largest Inventory Capacity 15 | . 8 8 8 8 8 8 8 8 8 8 8 8 15 5 5 5 5 Average Capacity 7 | . 8 8 8 8 8 8 8 8 8 8 8 7 8 5 5 5 5 Most Carried 8 | . 8 8 8 8 8 8 8 8 7 8 8 8 7 5 5 5 5 Average Carried 6 | . 7 7 8 7 8 7 7 5 7 6 8 7 5 5 5 4 4 Final Capacity 8 | 8 8 8 8 8 8 8 8 8 8 8 8 5 5 5 5 5 5 Final Carried 8 | 6 8 8 8 8 8 8 8 7 7 8 8 5 5 5 5 4 2 Class Distribution -------------------- 48% | Mutant 24% | Hacker-Mutant 9% | Skirmisher 8% | Scavenger-Mutant 7% | Tank Dominant Class ---------------- Mutant | -10/Materials Mutant | -9/Materials Mutant | -9/Mines Mutant | -9/Exiles Mutant | -8/Mines Scavenger-Mutant | -8/Materials Scavenger-Mutant | -7/Factory Skirmisher | -7/Lower Caves Skirmisher | -7/Data Miner Tank | -6/Proximity Caves Gunner | -6/Factory Gunner | -6/DSF Mutant | -5/Factory Hacker-Mutant | -5/Upper Caves Hacker-Mutant | -5/Upper Caves Hacker-Mutant | -4/Factory Hacker-Mutant | -4/Upper Caves Resources | -11 -10 -9 -9 -9 -8 -8 -7 -7 -7 -6 -6 -6 -5 -5 -5 -4 -4 ----------- Run | Yrd Mat Mat Min Exi Min Mat Fac Low Dat Pro Fac DSF Fac Upp Upp Fac Upp Matter Collected 1811 | 191 72 439 . . . 7 . 193 . 198 10 . 206 103 . . 392 Remotely . | . . . . . . . . . . . . . . . . . . Salvage Created 1537 | . 116 427 . . . 53 . 37 . 185 . . 363 . . . 356 Parts 75 | . 7 20 . . . 4 . . . 8 . . 12 . . . 24 Haulers Intercepted 1 | . . 1 . . . . . . . . . . . . . . . Recyclers Shooed . | . . . . . . . . . . . . . . . . . . Parts Field Recycled . | . . . . . . . . . . . . . . . . . . Retrieved Matter . | . . . . . . . . . . . . . . . . . . Parts Self-Destructed 25 | . . . . . . . . . . 10 . . . . . . 15 Prevented 4 | . . . . . . . . . . . . . . . . . 4 Kills | -11 -10 -9 -9 -9 -8 -8 -7 -7 -7 -6 -6 -6 -5 -5 -5 -4 -4 ------- Run | Yrd Mat Mat Min Exi Min Mat Fac Low Dat Pro Fac DSF Fac Upp Upp Fac Upp Combat Hostiles Destroyed 44 | . 3 8 . . . 1 . 2 . 7 . . 9 . . . 14 Guns 8 | . 3 4 . . . . . . . . . . . . . . 1 Cannons 11 | . . 3 . . . 1 . . . 1 . . 1 . . . 5 AOE 22 | . . . . . . . . 2 . 6 . . 8 . . . 6 Classes Destroyed 13 | . 1 2 . . . 2 . . . 5 . . 2 . . . 1 Builder 4 | . . . . . . . . . . . . . 4 . . . . Tunneler 1 | . . . . . . . . . . . . . 1 . . . . Hauler 1 | . . 1 . . . . . . . . . . . . . . . Drone 2 | . . . . . . . . . . 2 . . . . . . . Watcher 2 | . . . . . . 1 . . . . . . 1 . . . . Swarmer 11 | . . . . . . . . . . . . . . . . . 11 Grunt 21 | . 3 7 . . . . . 2 . . . . 6 . . . 3 Brawler 2 | . . . . . . . . . . 1 . . 1 . . . . Duelist 2 | . . 1 . . . . . . . 1 . . . . . . . Sentry 1 | . . . . . . . . . . 1 . . . . . . . Hunter 3 | . . . . . . 1 . . . . . . 2 . . . . Programmer 1 | . . . . . . . . . . 1 . . . . . . . Behemoth 1 | . . . . . . . . . . 1 . . . . . . . Best Kill Streak 7 | . 3 3 . . . 2 . 2 . 3 . . 7 . . . 6 Combat Bots Only 6 | . 3 3 . . . 1 . 2 . 3 . . 6 . . . 6 Max Kills in Single Turn 3 | . 1 1 . . . 1 . 1 . 2 . . 2 . . . 3 Gunslinging . | . . . . . . . . . . . . . . . . . . Exploded 3 | . . . . . . . . 1 . 2 . . 2 . . . 3 Melee . | . . . . . . . . . . . . . . . . . . Uniques/NPCs Destroyed . | . . . . . . . . . . . . . . . . . . Combat | -11 -10 -9 -9 -9 -8 -8 -7 -7 -7 -6 -6 -6 -5 -5 -5 -4 -4 -------- Run | Yrd Mat Mat Min Exi Min Mat Fac Low Dat Pro Fac DSF Fac Upp Upp Fac Upp Hostile Shots Fired 459 | . 15 46 . . . 4 . 7 . 33 . 112 58 8 8 5 163 Missed 146 | . 5 12 . . . 1 . 4 . 12 . 26 24 6 2 3 51 Hits 313 | . 10 34 . . . 3 . 3 . 21 . 86 34 2 6 2 112 Melee 12 | . . 6 . . . . . 2 . 4 . . . . . . . Projectile 301 | . 10 28 . . . 3 . 1 . 17 . 86 34 2 6 2 112 Critical Strikes 6 | . . . . . . . . . . 1 . . 1 . . . 4 Damage Taken 6800 | . 111 520 . . . 107 . 19 . 526 . 2088 756 44 95 54 2480 Core 2137 | . 21 92 . . . 30 . 19 . 28 . 625 159 . . . 1163 Absorbed by Shields . | . . . . . . . . . . . . . . . . . . Redirected to Shielding 58 | . 9 49 . . . . . . . . . . . . . . . Ignored by Resistances 76 | . . . . . . . . . . . . . 76 . . . . Regen/Repaired (Parts) 36 | . . . . . . . . . . . . . . . . 36 . Core Remaining (%) 80 | 100 91 . . . 77 94 . . . 93 . 26 . . 84 . . Volleys Fired 135 | . 12 33 . . . 3 . 6 . 20 . 13 20 . . . 28 Largest 4 | . 2 2 . . . 1 . 2 . 3 . 4 1 . . . 3 Hottest 251 | . 60 136 . . . 100 . 136 . 175 . 251 44 . . . 228 Shots Fired 225 | . 24 63 . . . 3 . 7 . 38 . 36 20 . . . 34 Gun 61 | . 18 34 . . . . . . . . . 5 . . . . 4 Cannon 134 | . 6 29 . . . 3 . 2 . 28 . 31 10 . . . 25 Launcher 30 | . . . . . . . . 5 . 10 . . 10 . . . 5 Special . | . . . . . . . . . . . . . . . . . . Kinetic 85 | . 24 34 . . . . . . . . . 13 10 . . . 4 Thermal 97 | . . 29 . . . 3 . 2 . 28 . 23 . . . . 12 Explosive 30 | . . . . . . . . 5 . 10 . . 10 . . . 5 Electromagnetic 13 | . . . . . . . . . . . . . . . . . 13 Robot Hit Streak 10 | . 4 8 . . . 1 . 4 . 7 . 5 10 . . . 7 Robot Miss Streak 5 | . 2 3 . . . 2 . 2 . 5 . 5 4 . . . 2 Penetration Max 1 | . . . . . . . . . . . . 1 . . . . . Secondary Targets 1 | . 1 . . . . . . . . . . . . . . . . Max Gunslinging Chain 1 | . 1 . . . . . . . . . . . . . . . . Shots Hit Robots 137 | . 12 39 . . . 1 . 6 . 23 . 19 14 . . . 23 Core Hits 87 | . 5 13 . . . 2 . 3 . 17 . 2 27 . . . 18 Critical Kills 2 | . . 1 . . . . . . . . . . . . . . 1 Critical Parts Destroyed . | . . . . . . . . . . . . . . . . . . Critical Strikes 4 | . 1 1 . . . . . . . . . . 1 . . . 1 Meltdown 2 | . . 1 . . . . . . . . . . . . . . 1 Blast 2 | . 1 . . . . . . . . . . . 1 . . . . Melee Attacks 2 | . . . . . . . . 2 . . . . . . . . . Impact . | . . . . . . . . . . . . . . . . . . Slashing 2 | . . . . . . . . 2 . . . . . . . . . Piercing . | . . . . . . . . . . . . . . . . . . Sneak Attacks . | . . . . . . . . . . . . . . . . . . Combat Hostiles . | . . . . . . . . . . . . . . . . . . Follow-up Attacks . | . . . . . . . . . . . . . . . . . . Damage Inflicted 6315 | . 212 699 . . . 208 . 346 . 1134 . 549 1615 . . . 1552 Guns 714 | . 160 364 . . . . . . . . . 87 . . . . 103 Cannons 2171 | . 52 332 . . . 109 . 20 . 397 . 456 198 . . . 607 Explosions 3138 | . . . . . . 99 . 282 . 737 . . 1331 . . . 689 Melee 44 | . . . . . . . . 44 . . . . . . . . . Ramming 248 | . . 3 . . . . . . . . . 6 86 . . . 153 Kinetic 1165 | . 212 364 . . . . . . . . . 288 198 . . . 103 Thermal 1569 | . . 332 . . . 208 . 20 . 397 . 255 30 . . . 327 Explosive 3009 | . . . . . . . . 282 . 737 . . 1301 . . . 689 Electromagnetic 280 | . . . . . . . . . . . . . . . . . 280 Impact . | . . . . . . . . . . . . . . . . . . Slashing 44 | . . . . . . . . 44 . . . . . . . . . Piercing . | . . . . . . . . . . . . . . . . . . Highest Corruption 16 | . . . . . . . . . . 3 . 3 1 1 1 . 16 Average Corruption 2 | . . . . . . . . . . 3 . 2 1 1 1 . 2 Corruption Purged . | . . . . . . . . . . . . . . . . . . Corruption Blocked . | . . . . . . . . . . . . . . . . . . Effects 15 | . . . . . . . . . . 7 . . 1 1 1 . 5 Message Errors 2 | . . . . . . . . . . . . . . . . . 2 Matter Fused 5 | . . . . . . . . . . 4 . . . . . . 1 Heat Flow Errors 1 | . . . . . . . . . . . . . . 1 . . . Energy Discharges 3 | . . . . . . . . . . 1 . . 1 . . . 1 Parts Fused 2 | . . . . . . . . . . 1 . . . . 1 . . Data Loss (minor) 2 | . . . . . . . . . . 1 . . . . . . 1 Overload Shots . | . . . . . . . . . . . . . . . . . . Overflow Damage 270 | . . . . . . . . 24 . 53 . 3 32 . . . 158 Projectiles 88 | . . . . . . . . . . 53 . 3 . . . . 32 Explosions 164 | . . . . . . . . 10 . . . . 32 . . . 122 Melee 18 | . . . . . . . . 14 . . . . . . . . 4 Knockbacks 4 | . . . . . . . . . . . . . 3 . . . 1 Impact 1 | . . . . . . . . . . . . . . . . . 1 Kinetic 3 | . . . . . . . . . . . . . 3 . . . . Secondary . | . . . . . . . . . . . . . . . . . . Self-Inflicted Damage 349 | . . . . . . 60 . . . 47 . . 126 . . . 116 Shots 7 | . . . . . . 1 . . . 2 . . 3 . . . 1 Rammed 62 | . . . . . . . . . . . . . 6 . . . 56 Targets Rammed 65 | . . 1 . . . . . . . . . 2 6 . . . 56 Kicked 3 | . . 1 . . . . . . . . . 2 . . . . . Crushed . | . . . . . . . . . . . . . . . . . . Highest Temperature 446 | . 4 148 . . . 9 . 33 . 446 . 443 33 113 1 162 223 Average Temperature 110 | . 1 42 . . . 9 . 17 . 166 . 289 5 53 1 76 144 Received Heat Transfer 1189 | . 60 159 . . . . . 9 . 42 . 261 208 9 9 . 432 Effects 5 | . . . . . . . . . . 2 . 3 . . . . . Shutdowns 2 | . . . . . . . . . . 1 . 1 . . . . . Interference 1 | . . . . . . . . . . 1 . . . . . . . Damage (major) 2 | . . . . . . . . . . . . 2 . . . . . Siege Activations . | . . . . . . . . . . . . . . . . . . Martial Activations . | . . . . . . . . . . . . . . . . . . Shielding Activations . | . . . . . . . . . . . . . . . . . . Robots Disrupted . | . . . . . . . . . . . . . . . . . . Combat Hostiles . | . . . . . . . . . . . . . . . . . . Robots Corrupted 2 | . . . . . . . . . . . . . 1 . . . 1 Combat Hostiles 1 | . . . . . . . . . . . . . . . . . 1 Parts Fried 8 | . . . . . . . . . . . . . 4 . . . 4 Impact Corruptions 2 | . . . . . . . . . . . . . 1 . . . 1 Robots Melted 2 | . . 1 . . . . . . . . . . . . . . 1 Combat Hostiles 2 | . . 1 . . . . . . . . . . . . . . 1 Parts Melted 3 | . . 3 . . . . . . . . . . . . . . . Heat Transferred 2297 | . . 592 . . . 160 . 37 . 629 . 496 50 . . . 333 Parts Sabotaged . | . . . . . . . . . . . . . . . . . . Parts Stolen 2 | . . . . . . . . 2 . . . . . . . . . Parts Stripped . | . . . . . . . . . . . . . . . . . . Power Chain Reactions . | . . . . . . . . . . . . . . . . . . Alert | -11 -10 -9 -9 -9 -8 -8 -7 -7 -7 -6 -6 -6 -5 -5 -5 -4 -4 ------- Run | Yrd Mat Mat Min Exi Min Mat Fac Low Dat Pro Fac DSF Fac Upp Upp Fac Upp Maximum Alert Level 2 | . . . . . . . . . . . . . 2 . . . . Low Security (%) 87 | . 100 100 100 . 100 100 100 . . . 100 100 56 . . 100 . Level 1 10 | . . . . . . . . . . . . . 35 . . . . Level 2 2 | . . . . . . . . . . . . . 7 . . . . Level 3 . | . . . . . . . . . . . . . . . . . . Level 4 . | . . . . . . . . . . . . . . . . . . Level 5 . | . . . . . . . . . . . . . . . . . . High Security . | . . . . . . . . . . . . . . . . . . Max Security . | . . . . . . . . . . . . . . . . . . Peak Influence 418 | . 60 75 22 . . 50 7 . . . 5 15 418 . . 8 . Initial 22 | . . 9 22 . . . 7 . . . . 3 . . . . . Average 57 | . 12 44 20 . . 18 . . . . . 3 168 . . . . Influence Increases 1583 | . 73 217 . . . 67 . 50 . 130 5 15 608 15 . 8 395 Destroy 0b10 Robot/C 840 | . 60 160 . . . 20 . 40 . 100 . . 180 . . . 280 Destroy 0b10 Robot/NC 50 | . . 5 . . . 5 . . . 10 . . 30 . . . . Destroy Leader 116 | . 10 22 . . . 12 . 10 . 20 . . 32 . . . 10 Successful Hack 50 | . 3 . . . . 7 . . . . 5 . 27 . . 8 . Disable Machine 105 | . . 30 . . . . . . . . . . 75 . . . . Destroy Structure 167 | . . . . . . 23 . . . . . . 144 . . . . Partial Spotted 15 | . . . . . . . . . . . . . 15 . . . . Lose Combat Pursuer 240 | . . . . . . . . . . . . 15 105 15 . . 105 Influence Decreases 1583 | . 50 183 45 12 . 50 17 50 . 130 . 20 608 15 . 8 395 Entered New Map 73 | . . 14 35 12 . . 10 . . . . 2 . . . . . Time Decay 897 | . 50 139 10 . . 50 7 50 . 110 . . 210 15 . 8 248 Lost Part 235 | . . 30 . . . . . . . 20 . 18 20 . . . 147 Purge Threat 378 | . . . . . . . . . . . . . 378 . . . . Squads Dispatched 11 | . 2 . . . . . 1 . . . . 2 6 . . . . Investigation 4 | . 1 . . . . . . . . . . . 3 . . . . Extermination 1 | . . . . . . . . . . . . . 1 . . . . Reinforcement 6 | . 1 . . . . . 1 . . . . 2 2 . . . . Assault . | . . . . . . . . . . . . . . . . . . Garrison . | . . . . . . . . . . . . . . . . . . Intercept . | . . . . . . . . . . . . . . . . . . Searches Triggered . | . . . . . . . . . . . . . . . . . . Data Miner Redirects 1 | . . . . . . . . . . . . . 1 . . . . Construction Impeded 1 | . . . . . . . . . . . . . 1 . . . . Haulers Reinforced 1 | . . . . . . . . . . . . . 1 . . . . Active Scanning Responses . | . . . . . . . . . . . . . . . . . . Cargo Convoy Interrupts . | . . . . . . . . . . . . . . . . . . Stealth | -11 -10 -9 -9 -9 -8 -8 -7 -7 -7 -6 -6 -6 -5 -5 -5 -4 -4 --------- Run | Yrd Mat Mat Min Exi Min Mat Fac Low Dat Pro Fac DSF Fac Upp Upp Fac Upp Distress Signals 5 | . . 3 . . . 1 . . . 1 . . . . . . . Communications Jammed . | . . . . . . . . . . . . . . . . . . Distress Signals . | . . . . . . . . . . . . . . . . . . Times Spotted 108 | . 5 12 . . . 2 2 8 . 6 . 9 25 1 6 1 31 Peak Tracking Total 12 | . 2 4 . . . 2 1 3 . 3 . 8 11 1 5 1 12 Tactical Retreats 13 | . . . . . . . . . . . . 1 4 1 1 . 6 Traps | -11 -10 -9 -9 -9 -8 -8 -7 -7 -7 -6 -6 -6 -5 -5 -5 -4 -4 ------- Run | Yrd Mat Mat Min Exi Min Mat Fac Low Dat Pro Fac DSF Fac Upp Upp Fac Upp Traps Triggered . | . . . . . . . . . . . . . . . . . . Indirectly . | . . . . . . . . . . . . . . . . . . Trap Hack Attempts . | . . . . . . . . . . . . . . . . . . Triggered . | . . . . . . . . . . . . . . . . . . Disarmed . | . . . . . . . . . . . . . . . . . . Reprogrammed . | . . . . . . . . . . . . . . . . . . Reused . | . . . . . . . . . . . . . . . . . . Traps Extracted . | . . . . . . . . . . . . . . . . . . Installed . | . . . . . . . . . . . . . . . . . . Triggered . | . . . . . . . . . . . . . . . . . . Machines | -11 -10 -9 -9 -9 -8 -8 -7 -7 -7 -6 -6 -6 -5 -5 -5 -4 -4 ---------- Run | Yrd Mat Mat Min Exi Min Mat Fac Low Dat Pro Fac DSF Fac Upp Upp Fac Upp Machines Disabled 7 | . . 2 . . . . . . . . . . 5 . . . . Max in Single Turn 5 | . . 1 . . . . . . . . . . 5 . . . . Machines Repaired . | . . . . . . . . . . . . . . . . . . Machines Dismantled . | . . . . . . . . . . . . . . . . . . Machines Sabotaged . | . . . . . . . . . . . . . . . . . . Overloaded Fab Kills . | . . . . . . . . . . . . . . . . . . Hacking | -11 -10 -9 -9 -9 -8 -8 -7 -7 -7 -6 -6 -6 -5 -5 -5 -4 -4 --------- Run | Yrd Mat Mat Min Exi Min Mat Fac Low Dat Pro Fac DSF Fac Upp Upp Fac Upp Machines Accessed 26 | . 3 1 . 5 . 2 3 1 4 . 1 . 5 . . 1 . Terminals 12 | . 3 1 . . . 2 2 . . . 1 . 3 . . . . Fabricators 1 | . . . . . . . . . . . . . 1 . . . . Repair Stations 1 | . . . . . . . . . . . . . . . . 1 . Recycling Units 2 | . . . . . . . 1 . . . . . 1 . . . . Scanalyzers . | . . . . . . . . . . . . . . . . . . Garrison Access . | . . . . . . . . . . . . . . . . . . Total Hacks 121 | . 10 1 . 50 . 5 4 1 32 . 1 . 15 . . 2 . Successful 101 | . 5 1 . 50 . 2 1 1 32 . 1 . 6 . . 2 . Failed 20 | . 5 . . . . 3 3 . . . . . 9 . . . . Catastrophic 4 | . . . . . . . 1 . . . . . 3 . . . . Database Lockouts . | . . . . . . . . . . . . . . . . . . Manual 15 | . 7 . . 2 . 4 1 . . . . . 1 . . . . Terminals 29 | . 10 1 . . . 5 2 . . . 1 . 10 . . . . Fabricators 4 | . . . . . . . . . . . . . 4 . . . . Repair Stations 2 | . . . . . . . . . . . . . . . . 2 . Recycling Units 3 | . . . . . . . 2 . . . . . 1 . . . . Scanalyzers . | . . . . . . . . . . . . . . . . . . Garrison Access . | . . . . . . . . . . . . . . . . . . Terminal Hacks 94 | . 3 1 . 50 . 2 1 1 32 . 1 . 3 . . . . Record 61 | . . . . 49 . 1 . . 11 . . . . . . . . Part Schematic 13 | . . . . . . 1 . . 12 . . . . . . . . Robot Schematic 6 | . . . . . . . . . 6 . . . . . . . . Prototype ID Bank 4 | . 1 . . . . . . . 3 . . . . . . . . Open Door 1 | . . . . . . . . 1 . . . . . . . . . Open DSF 2 | . . . . . . . 1 . . . 1 . . . . . . Alert Level 1 | . 1 . . . . . . . . . . . . . . . . Unreport Threat 3 | . . . . . . . . . . . . . 3 . . . . Locate Traps 1 | . 1 . . . . . . . . . . . . . . . . Zone Layout 1 | . . 1 . . . . . . . . . . . . . . . Proto ID Catalog 1 | . . . . 1 . . . . . . . . . . . . . Fabricator Hacks 1 | . . . . . . . . . . . . . 1 . . . . Load Schematic 1 | . . . . . . . . . . . . . 1 . . . . Repair Station Hacks 2 | . . . . . . . . . . . . . . . . 2 . Scan Component 1 | . . . . . . . . . . . . . . . . 1 . Repair 1 | . . . . . . . . . . . . . . . . 1 . Recycling Unit Hacks 1 | . . . . . . . . . . . . . 1 . . . . Retrieve Components 1 | . . . . . . . . . . . . . 1 . . . . Scanalyzer . | . . . . . . . . . . . . . . . . . . Garrison Access Hacks . | . . . . . . . . . . . . . . . . . . Unauthorized Hacks 3 | . 2 . . . . . . . . . . . 1 . . . . Terminals 3 | . 2 . . . . . . . . . . . 1 . . . . Assimilate 1 | . . . . . . . . . . . . . 1 . . . . Botnet 2 | . 2 . . . . . . . . . . . . . . . . Fabricators . | . . . . . . . . . . . . . . . . . . Repair Stations . | . . . . . . . . . . . . . . . . . . Recycling Units . | . . . . . . . . . . . . . . . . . . Scanalyzers . | . . . . . . . . . . . . . . . . . . Garrison Access . | . . . . . . . . . . . . . . . . . . Data Cores Recovered . | . . . . . . . . . . . . . . . . . . Used . | . . . . . . . . . . . . . . . . . . Hacking Detections 11 | . 3 . . . . 1 2 . . . . . 4 . . 1 . Full Trace Events 4 | . 1 . . . . . . . . . . . 3 . . . . Feedback Events 1 | . . . . . . . . . . . . . 1 . . . . Corruption 1 | . . . . . . . . . . . . . 1 . . . . Feedback Blocked . | . . . . . . . . . . . . . . . . . . Robot Schematics Acquired 6 | . . . . . . . . . 6 . . . . . . . . Robots Built . | . . . . . . . . . . . . . . . . . . Authchips . | . . . . . . . . . . . . . . . . . . Time . | . . . . . . . . . . . . . . . . . . Total Robot Build Rating . | . . . . . . . . . . . . . . . . . . Part Schematics Acquired 13 | . . . . . . 1 . . 12 . . . . . . . . Parts Built . | . . . . . . . . . . . . . . . . . . Authchips . | . . . . . . . . . . . . . . . . . . Time . | . . . . . . . . . . . . . . . . . . Total Part Build Rating . | . . . . . . . . . . . . . . . . . . Parts Repaired 1 | . . . . . . . . . . . . . . . . 1 . Time 28 | . . . . . . . . . . . . . . . . 28 . Parts Recycled . | . . . . . . . . . . . . . . . . . . Recycled Matter . | . . . . . . . . . . . . . . . . . . Retrieved Matter . | . . . . . . . . . . . . . . . . . . Retrieved Components 1 | . . . . . . . . . . . . . 1 . . . . Parts Scanalyzed . | . . . . . . . . . . . . . . . . . . Part Schematics Acquired . | . . . . . . . . . . . . . . . . . . Parts Damaged . | . . . . . . . . . . . . . . . . . . Bothacking | -11 -10 -9 -9 -9 -8 -8 -7 -7 -7 -6 -6 -6 -5 -5 -5 -4 -4 ------------ Run | Yrd Mat Mat Min Exi Min Mat Fac Low Dat Pro Fac DSF Fac Upp Upp Fac Upp Used RIF Installer . | . . . . . . . . . . . . . . . . . . Robots Hacked . | . . . . . . . . . . . . . . . . . . Non-combat . | . . . . . . . . . . . . . . . . . . Combat . | . . . . . . . . . . . . . . . . . . Robot Hacks Applied . | . . . . . . . . . . . . . . . . . . Relay Couplers Released . | . . . . . . . . . . . . . . . . . . Fabnet Peak Effective % . | . . . . . . . . . . . . . . . . . . Robots Rewired 1 | . . . . . . . . . . . . . . . . 1 . Allies Hacked . | . . . . . . . . . . . . . . . . . . Hacks Repelled . | . . . . . . . . . . . . . . . . . . Allies | -11 -10 -9 -9 -9 -8 -8 -7 -7 -7 -6 -6 -6 -5 -5 -5 -4 -4 -------- Run | Yrd Mat Mat Min Exi Min Mat Fac Low Dat Pro Fac DSF Fac Upp Upp Fac Upp Total Allies 1 | . . . . . . . . . . . . . . . . 1 . Largest Group 1 | . . . . . . . . . . . . . . . . 1 . Highest-Rated Group 47 | . . . . . . . . . . . . . . . . 47 . Highest-Rated Ally 47 | . . . . . . . . . . . . . . . . 47 . Total Orders . | . . . . . . . . . . . . . . . . . . Ally Attacks 4 | . . . . . . . . . . . . . . . . 4 . Total Damage 158 | . . . . . . . . . . . . . . . . 158 . Kills . | . . . . . . . . . . . . . . . . . . Allies Corrupted . | . . . . . . . . . . . . . . . . . . Allies Melted . | . . . . . . . . . . . . . . . . . . Intel | -11 -10 -9 -9 -9 -8 -8 -7 -7 -7 -6 -6 -6 -5 -5 -5 -4 -4 ------- Run | Yrd Mat Mat Min Exi Min Mat Fac Low Dat Pro Fac DSF Fac Upp Upp Fac Upp Active Infowar (turns) 4961 | . . 190 23 859 472 163 282 406 97 400 82 126 795 272 14 194 586 Optics 4350 | . . 137 . 324 472 163 282 406 97 400 82 126 795 272 14 194 586 Sensors 614 | . . 56 23 535 . . . . . . . . . . . . . Terrain 66 | . . . . . . . . . . . . . 66 . . . . Traps 372 | . . . . . . . . . . . . . 257 . . 115 . ECM 201 | . . . . . . . . . . . . 9 32 1 14 4 141 Robot Analysis Total . | . . . . . . . . . . . . . . . . . . Derelict Logs Recovered 1 | . . . . . . . . . . . . . . 1 . . . Drone Launches . | . . . . . . . . . . . . . . . . . . Drone Recoveries . | . . . . . . . . . . . . . . . . . . Exploration | -11 -10 -9 -9 -9 -8 -8 -7 -7 -7 -6 -6 -6 -5 -5 -5 -4 -4 ------------- Run | Yrd Mat Mat Min Exi Min Mat Fac Low Dat Pro Fac DSF Fac Upp Upp Fac Upp Turns Passed 5413 | . 260 291 23 859 472 163 282 406 97 400 82 126 795 272 14 194 677 Spaces Moved 4724 | 1 165 135 20 709 340 121 226 314 80 279 65 60 804 451 27 254 673 Core 114 | . . . . . . . . . . . . 6 88 . . . 20 Treads 117 | . . . . . . . . . . . . . 117 . . . . Legs 2511 | 1 165 135 20 709 340 121 226 314 80 279 65 54 . . . . 2 Wheels . | . . . . . . . . . . . . . . . . . . Hover 1982 | . . . . . . . . . . . . . 599 451 27 254 651 Flight . | . . . . . . . . . . . . . . . . . . Fastest Speed 45 | 120 120 120 120 120 120 120 120 122 122 122 122 50 45 50 50 46 46 Average Speed 98 | 120 120 120 120 120 120 121 120 122 122 122 122 120 83 52 50 59 78 Slowest Speed 250 | 120 120 120 120 120 120 190 122 122 122 123 122 200 250 55 50 102 190 Overloaded Moves . | . . . . . . . . . . . . . . . . . . Propulsion Burnouts . | . . . . . . . . . . . . . . . . . . Robots Hopped . | . . . . . . . . . . . . . . . . . . Potential Cave-ins . | . . . . . . . . . . . . . . . . . . Cave-ins Triggered . | . . . . . . . . . . . . . . . . . . Exploration Rate (%) 36 | 2 23 14 9 94 69 14 8 49 72 49 2 74 21 64 8 7 84 Regions Visited 17 Branch Regions 9 Pre-discovered Areas 2 | . . . . 1 . . . . 1 . . . . . . . . Known Exits Taken 14 | . . 1 1 1 1 1 1 1 1 1 1 . 1 1 1 1 . Unknown Exits Taken 2 | 1 1 . . . . . . . . . . . . . . . . Scrap Searched 9 | . . . . . . . . 1 . 3 . . . 2 . . 3 Spaces Dug . | . . . . . . . . . . . . . . . . . . Terrain Destroyed 369 | . . . . . . 44 . 52 . 101 . . 93 . . . 79 Melee . | . . . . . . . . . . . . . . . . . . Projectile 10 | . . . . . . 2 . . . 2 . . 1 . . . 5 AOE 359 | . . . . . . 42 . 52 . 99 . . 92 . . . 74 Terrain Rammed . | . . . . . . . . . . . . . . . . . . Walls Destroyed . | . . . . . . . . . . . . . . . . . . Machines Disabled . | . . . . . . . . . . . . . . . . . . Actions | -11 -10 -9 -9 -9 -8 -8 -7 -7 -7 -6 -6 -6 -5 -5 -5 -4 -4 --------- Run | Yrd Mat Mat Min Exi Min Mat Fac Low Dat Pro Fac DSF Fac Upp Upp Fac Upp Total 5270 | . 207 203 19 718 404 130 236 327 79 303 66 86 904 483 26 294 785 Wait 179 | . 2 10 . 1 65 . . . . . . 2 27 31 . 29 12 Move 4707 | . 164 134 19 708 339 120 225 313 79 278 64 59 803 450 26 253 673 Hop . | . . . . . . . . . . . . . . . . . . Pick Up 31 | . 9 3 . 3 . . 2 3 . 1 . 1 7 . . . 2 Fast Attach 52 | . 5 7 . . . 1 1 1 . . 2 2 17 2 . 6 8 Attach 22 | . . 3 . 1 . 2 1 2 . 2 . 3 4 . . 1 3 Detach 15 | . 2 2 . . . 3 . . . 1 . 1 6 . . . . Swap 16 | . 1 3 . 1 . . 3 . . 1 . 2 3 . . . 2 Drop 45 | . 12 7 . 4 . 1 4 . . . . 1 11 . . 4 1 Fire 135 | . 12 33 . . . 3 . 6 . 20 . 13 20 . . . 28 Melee 2 | . . . . . . . . 2 . . . . . . . . . Ram 62 | . . . . . . . . . . . . . 6 . . . 56 Kick 3 | . . 1 . . . . . . . . . 2 . . . . . Crush . | . . . . . . . . . . . . . . . . . . Escape Stasis . | . . . . . . . . . . . . . . . . . . Rewire 1 | . . . . . . . . . . . . . . . . 1 . Trap . | . . . . . . . . . . . . . . . . . . Miscellaneous . | . . . . . . . . . . . . . . . . . . Route ------- -11/Scrapyard -10/Materials -9/Materials -9/Mines -9/Exiles (discovered 2 exits: *Min x2) -8/Mines -8/Materials -7/Factory (discovered 2 exits: [*Sto] / *Low) -7/Lower Caves -7/Data Miner -6/Proximity Caves -6/Factory -6/DSF -5/Factory -5/Upper Caves -5/Upper Caves -4/Factory (discovered 2 exits: *Upp / Arm) -4/Upper Caves (discovered 1 exit: [*Upp]) History --------- Turn | Location | Event 1 | -11/Scrapyard | Discovered new exit (range 0) 1 | -11/Scrapyard | Entered Materials 256 | -10/Materials | Discovered new exit (range 5) 261 | -10/Materials | Entered another Materials area 261 | -9/Materials | Evolved 2 slots: Utility x2 311 | -9/Materials | Build established: Mutant 534 | -9/Materials | Discovered new exit (range 16) 551 | -9/Materials | Identified exit to Mines 552 | -9/Materials | Entered Mines 553 | -9/Mines | Assembled infested the area 570 | -9/Mines | Discovered new exit (range 5) 574 | -9/Mines | Identified exit to Exiles 575 | -9/Mines | Entered Exiles 602 | -9/Exiles | Discovered new exit (range 15) 639 | -9/Exiles | Identified exit to Mines 664 | -9/Exiles | Met 8R-AWN 683 | -9/Exiles | Met EX-HEX 753 | -9/Exiles | Met EX-DEC 805 | -9/Exiles | Visited The Gauntlet 973 | -9/Exiles | Learned location of Zion (-6) 1033 | -9/Exiles | Met EX-BIN 1053 | -9/Exiles | Aligned with FarCom system 1055 | -9/Exiles | Given EX-Vault access code 1103 | -9/Exiles | Opened EX-Vault 1113 | -9/Exiles | Found YOLO Cannon 1116 | -9/Exiles | Found Longsword +1 1161 | -9/Exiles | Warned to stay clear of 0b10 Research branches 1248 | -9/Exiles | Discovered exit to Mines (range 12) 1434 | -9/Exiles | Stole two prototypes: YOLO Cannon, Longsword +1 1434 | -9/Exiles | Entered Mines 1900 | -8/Mines | Discovered new exit (range 6) 1905 | -8/Mines | Identified exit to Materials 1906 | -8/Mines | Entered Materials 1906 | -8/Materials | Evolved 2 slots: Propulsion x1, Weapon x1 2054 | -8/Materials | Discovered new exit (range 8) 2068 | -8/Materials | Identified exit to Factory 2069 | -8/Materials | Entered Factory 2069 | -7/Factory | Evolved 2 slots: Power x1, Propulsion x1 2071 | -7/Factory | FarCom data flow suspended 2073 | -7/Factory | Identified exit to DSF 2270 | -7/Factory | Build established: Scavenger-Mutant 2333 | -7/Factory | Discovered new exit (range 10) 2350 | -7/Factory | Identified exit to Lower Caves 2351 | -7/Factory | Discovered new exit (range 16) 2351 | -7/Factory | Entered Lower Caves 2351 | -7/Lower Caves | Spotted LV-5D6(f) 2351 | -7/Lower Caves | Spotted TC-4HZ(f) 2351 | -7/Lower Caves | Spotted ES-F6I(f) 2352 | -7/Lower Caves | YOLO Cannon stolen by Master Thief 2353 | -7/Lower Caves | Encountered a Master Thief 2353 | -7/Lower Caves | Encountered a Master Thief 2353 | -7/Lower Caves | Encountered a Master Thief 2354 | -7/Lower Caves | Longsword +1 stolen by Master Thief 2659 | -7/Lower Caves | Spotted B-75 Beast 2730 | -7/Lower Caves | A Derelict revealed a hidden shortcut to meet someone special 2756 | -7/Lower Caves | Identified exit to Data Miner 2757 | -7/Lower Caves | Entered Data Miner 2757 | -7/Data Miner | Discovered new exit (range 6) 2762 | -7/Data Miner | Identified exit to Proximity Caves 2778 | -7/Data Miner | Met Data Miner 2782 | -7/Data Miner | Build established: Skirmisher 2809 | -7/Data Miner | Learned location of Section 7 (-2) 2809 | -7/Data Miner | Acquired the access code to Warlord's prototype stash 2826 | -7/Data Miner | Received God Mode back door access code from Data Miner 2854 | -7/Data Miner | Entered Proximity Caves 2856 | -6/Proximity Caves | Attracted the attention of an 0b10 checkpoint 2941 | -6/Proximity Caves | Spotted B-75 Beast 2948 | -6/Proximity Caves | Destroyed B-75 Beast 3188 | -6/Proximity Caves | Build established: Tank 3226 | -6/Proximity Caves | Discovered new exit (range 10) 3236 | -6/Proximity Caves | Identified exit to Factory 3254 | -6/Proximity Caves | Entered Factory 3254 | -6/Factory | Evolved 2 slots: Utility x1, Weapon x1 3334 | -6/Factory | Identified exit to DSF 3336 | -6/Factory | Entered DSF 3372 | -6/DSF | Additional patrols routed to DSF 3428 | -6/DSF | Lost 3 parts (2n1u) 3434 | -6/DSF | Discovered new exit (range 18) 3451 | -6/DSF | Core integrity fell below 50% 3462 | -6/DSF | Identified exit to Factory 3462 | -6/DSF | Entered Factory 3462 | -5/Factory | Evolved 2 slots: Utility x2 3489 | -5/Factory | Lost 11 parts (1p4n3u3w) 3712 | -5/Factory | Build established: Mutant 3830 | -5/Factory | Spotted B-75 Beast 4084 | -5/Factory | Incoming investigation squad redirected 4227 | -5/Factory | Discovered new exit (range 12) 4256 | -5/Factory | Identified exit to Upper Caves 4257 | -5/Factory | Entered Upper Caves 4282 | -5/Upper Caves | Attracted the attention of an 0b10 checkpoint 4380 | -5/Upper Caves | Build established: Hacker-Mutant 4502 | -5/Upper Caves | Discovered new exit (range 6) 4508 | -5/Upper Caves | Identified exit to Upper Caves 4529 | -5/Upper Caves | Entered another Upper Caves area 4536 | -5/Upper Caves | Discovered new exit (range 15) 4542 | -5/Upper Caves | Identified exit to Factory 4543 | -5/Upper Caves | Entered Factory 4543 | -4/Factory | Evolved 2 slots: Power x1, Propulsion x1 4544 | -4/Factory | Identified exit to Armory 4600 | -4/Factory | Repaired Antigrav System 4731 | -4/Factory | Discovered new exit (range 12) 4736 | -4/Factory | Identified exit to Upper Caves 4737 | -4/Factory | Entered Upper Caves 4818 | -4/Upper Caves | Attracted the attention of an 0b10 outpost 4850 | -4/Upper Caves | Lost 4 parts (2p2n) 5360 | -4/Upper Caves | Core integrity fell below 50% 5399 | -4/Upper Caves | Core integrity fell below 20% 5400 | -4/Upper Caves | System corruption reached 10% 5413 | -4/Upper Caves | Discovered new exit (range 14) 5414 | -4/Upper Caves | Destroyed by G-67 Veteran with Field Laser Last Messages --------------- 05380_ System corrupted by crushing effect (+1). 05381_ Slammed into G-73 Enforcer. 05391_ The unstable cave ceiling collapses. 05391_ Slammed into G-73 Enforcer. 05394_ The unstable cave ceiling collapses. 05394_ Slammed into G-73 Enforcer. 05399_ Adv. Hacking Suite destroyed. 05399_ System corrupted by crushing effect (+5). 05400_ Slammed into G-73 Enforcer. 05400_ Destabilizing: System corrupted (+1). 05401_ Gyrokinetic Inverter destroyed. 05401_ Slammed into G-73 Enforcer. 05401_ Hacking Suite destroyed. 05401_ System corrupted by crushing effect (+2). 05401_ Destabilizing: Core damaged (-34). 05402_ Slammed into G-73 Enforcer. 05403_ Destabilizing: System corrupted (+1). 05404_ Slammed into G-73 Enforcer. 05405_ Destabilizing: Core damaged (-46). 05413_ EXIT=FOUND Map ----- +----------------------------------------------------+ | ????????????????????????????????????????????????? | | ????????????????????????????????????????????????? | | ????????????????????????????????????????????????? | | ????????????????????????????????????????????????? | | ????????????????????????????????????????????????? | | ????????????????????????????????????????????????? | | ??????????????######????????????????????????????? | | ??????????????# ######??????????????####?????? | | ?????????????## %%%##????????????## ##????? | | ?????????????# %%%%%%#??###########!%! ###### | | ?????????????# %% %%%%#??# !% | | ?????????????# %%%%%%##??# !###### | | ?????????????## %%%##???# ######## #????? | | ??????????????# % ###### #?###### #????? | | ??????????????# ##%% # ## #?# ###??? | | ??????????????# ## #%% #?# ##### ## ##?? | | ??????????????##?###%% #???????# ## #?? | | ???????????????????### ####???????# ## #?? | | ?????????????????????## ###?????????? ## #?? | | ??????????????????????# ##???????????? ## #?? | | ??????????????????????# #??????????g #### #?? | | ??????????????????????# #??????## g ??## ### | | ??????????????????????# #???? ### | | ??????????????????????# ### $ gg#?# % | | ??????????????????????# #????#?## ### | | ??????????????????????# @ """ #????### ## | | ??????????????????????## """"" #????# # | | ???????????????????????# """"" ?????# | | ???????????????????????# " "??????# ### | | ???????????????????????# """ """?????# ??# | | ???????????????????????# """ """???? ?## | | ?????????????????????### """ ""??? ?# | | ?????????????????????? ? #### ### | | ??????????????????????? ????###?# | | ??????????????????????? ? ?????????# ## | | ??????????????????????? ? ??????????## ### | | ???????????????????????#### ????????????#### | | ??????????????????????##### ???????####??## | | ????????????????????### ??????## #### | | ????????????????????# ####### | | ?????????????????????# | | ??????????????????????# | | ??????????????????????## ## ######### ### | | ????????????????????????????## ##???????###?## | | ?????????????????????????????##??????????????#### | | ????????????????????????????????????????????????? | | ????????????????????????????????????????????????? | | ????????????????????????????????????????????????? | | ????????????????????????????????????????????????? | | ????????????????????????????????????????????????? | +----------------------------------------------------+ Best States ------------- Heat Dissipation 74 Coolant Potential 100 Energy Generation 42 Energy Capacity 610 Matter Stores 300 Matter Capacity 300 Sight Range 18 Robot Scan Range 14 Terrain Scan Range 14 Terrain Scan Density 85 ECM Strength 2 Armor Coverage 225 Resistance: TH 25 Weapon Shielding 33 Evasion (%) 56 Core Analysis 6 Recoil Reduction 1 Particle Charging 20 Offensive Hacking 24 Defensive Hacking 14 Item Schematics ----------------- VTOL Module | -8/Materials | Hacked Combat Drone Bay | -7/Data Miner | Free Lgt. Regenerative Plating | -7/Data Miner | Free Cld. Cesium-ion Thruster | -7/Data Miner | Free Gravity Neutralizer | -7/Data Miner | Free Scatter Rocket Array | -7/Data Miner | Free Thunder Leg | -7/Data Miner | Free Imp. Weapon Cycler | -7/Data Miner | Free Imp. Remote Datajack | -7/Data Miner | Free Mic. Fission Core | -7/Data Miner | Free Adv. Hacking Suite | -7/Data Miner | Free Dispersion Rifle | -7/Data Miner | Free Centrium Wheel | -7/Data Miner | Free Robot Schematics ------------------ A-15 Conveyor | -7/Data Miner | Free C-17 Slicer | -7/Data Miner | Free G-47 Trooper | -7/Data Miner | Free E-15 Imp | -7/Data Miner | Free R-10 Processor | -7/Data Miner | Free B-48 Gladiator | -7/Data Miner | Free Fabricated ------------ Nothing Repaired ---------- Antigrav System | 34% | -4/Factory Alien Tech Used ----------------- None Achievements -------------- None Challenges ------------ None Game ------ Seed BiometalPointyBank Manual? 0 Play Time 01:09:10 Cumulative 111.8 hours Start 2025.08.06 @ 11:10:26 End 2025.08.06 @ 12:19:41 Sessions 1 Manual Loads 0 Difficulty Rogue Special Mode None Game No. 143 Rogue 56 Adventurer 59 Explorer 28 Win Type - Total 15 Types 13/0/2/0/0/0/0/0/0/0 Lore% 35 Gallery% 58 Achievement% 49 Wizard Run 0 Options --------- Layout 2 ASCII 0 Keyboard 1 Movement Arrows Keybinds 1 Fullscreen 2 Font 32/Smallcaps Map View 50x44 Zoom Use 0% Tactical HUD 1 Map Filters NONE Filters NONE Steam 1 RUN: 07832e32-5306-4a5e-9664-5bb5659d9cfb